[Event "*** Titled Tuesday Blitz AM"]
[Site "Chess.com"]
[Date "2020.01.07"]
[Round "6"]
[White "GeorgMeier"]
[Black "tigra"]
[Result "1-0"]
[WhiteElo "2963"]
[BlackElo "2740"]
[TimeControl "180+2"]
[EndTime "10:23:28 PST"]
[Termination "GeorgMeier won on time"]

1. Nf3 c5 2. e4 g6 3. c3 Bg7 4. d4 cxd4 5. cxd4 d5 6. e5 a6 7. h3 Nc6 8. Nc3 Nh6 9. Bf4 O-O 10. Qd2 Nf5 11. g4 Nfxd4 12. Nxd4 Nxe5 13. Bh6 Bxh6 14. Qxh6 b5 15. O-O-O Bb7 16. Rg1 e6 17. Qe3 Qc7 18. Kb1 b4 19. Na4 Nc4 20. Bxc4 dxc4 21. f4 Rad8 22. Rge1 Rd5 23. Nc2 Rfd8 24. Rxd5 Rxd5 25.
Nxb4 Rb5 26. Nc2 Rd5 27. h4 Rd3 28. Qe5 Qxe5 29. fxe5 Rh3 30. Nc5 Bf3 31. Nd4 Bxg4 32. Nxa6 Rxh4 33. Nc5 h5 34. a4 Bh3 35. Nf3 Rf4 36.
Ng5 Bg2 37. Nce4 h4 38. a5 Rf5 39. a6 Rxe5 40. Nf6+ Kg7 41. Rxe5 Kxf6 42. Re2 Ba8 43. Nh3 g5 44. Rf2+ Kg6 45. Rd2 g4 46. Nf4+ Kg5 47.
Rd8 Be4+ 48. Ka2 Kxf4 49. Rd4 f5 50. a7 Kf3 51. Rxe4 fxe4 52. a8=Q g3 53. Qf8+ Kg2 54. Qf4 Kh3 55. Qxe4 g2 56. Qxe6+ Kh2 57. Qe5+ Kh3 58. Qf5+ Kg3 59. Qg5+ Kf3 60. Qf5+ Kg3 61. Qe5+ Kf3 62.
Qd5+ Kg3 63. Qd6+ Kf3 64. Qf6+ Kg3 65. Qg5+ Kf3 66. Qxh4 g1=Q 67. Qxc4 Qa7+ 68. Kb3 Qb7+ 69. Qb4 Qf7+ 70. Ka3 Qa7+ 71. Qa4 Qe7+ 72. Ka2 Kg2 73.
Qc2+ Kg3 74. Qc3+ Kg2 75. b4 Qb7 76. Kb2 Qb5 77. Qc2+ Kf3 78. Kb3 Qd5+ 79. Qc4 Qd1+ 80.
Ka3 Qd6 81. Ka4 Qd7+ 82. b5 Qa7+ 83. Kb3 Qb8 84. Qd5+ Ke3 85. Kc4 Qf4+ 86. Kb3 Qb8 87. Qc5+ Ke4 88. b6 Kf3 89. Qc7 Qg8+ 90. Qc4 Qb8 91. Qc6+ Kf2 92. b7 Qg8+ 93. Kb4 Qg4+ 94. Qc4 Qg3 95. Kb5 Kg2 96. Kb6 Kh2 97. Qc7 1-0

[Event "*** Titled Tuesday Blitz AM"]
[Site "Chess.com"]
[Date "2020.01.07"]
[Round "6"]
[White "FelixJoseYnojosa"]
[Black "liczner"]
[Result "1-0"]
[WhiteElo "2640"]
[BlackElo "2819"]
[TimeControl "180+2"]
[EndTime "10:23:36 PST"]
[Termination "FelixJoseYnojosa won by resignation"]

1. c4 Nf6 2. Nc3 e5 3. e3 Bb4 4. Nge2 O-O 5. Qc2 c6 6. a3 Be7 7.
d4 exd4 8. Nxd4 d5 9. cxd5 Nxd5 10. Bd3 Nxc3 11. Qxc3 Bf6 12. O-O Bxd4 13. exd4 Nd7 14. Qc2 h6 15. Bf4 Nb6 16. Rad1 Nd5 17. Be5 f6 18. Bg3 Be6 19. Rfe1 Re8 20. Bh7+ Kh8 21. Bg6 Re7 22. Qc5 Bg8 23. h4 Bh7 24. Bh5 Qd7 25. a4 a6 26. a5 Rd8 27. Kh2 Bg8 28. Qa3 Be6 29. Rc1 Bf5 30. Bf3 Rde8 31. Rxe7 Nxe7 32. Qc5 Bg4 33. Bxg4 Qxg4 34. Re1 Qd7 35. Bd6 Nd5 36. Rxe8+ Qxe8 37. Bg3 Qd7 38. Qf8+ Kh7 39. Qb8 Ne7 40.
Bd6 Nd5 41. Bc5 h5 42. g3 Qf5 43. Kg1 Qb1+ 44. Kg2 Qxb2 45. Qe8 Qc1 46. Qxh5+ Qh6 47.
Qf7 Qg6 48. Qxb7 Qe4+ 49. Kg1 Qe1+ 50. Kg2 Qe4+ 51. Kf1 Qd3+ 52. Kg1 Qd1+ 53. Kg2 Qe2 54. Qb3 f5 55. Qf3 Qe6 56. Qd3 Kg6 57. Qxa6 Qe4+ 58.
Kg1 Qe1+ 59. Qf1 Qxa5 60. Qe2 Qa1+ 61. Kg2 Qb1 62. Qe6+ Kh7 63. Qxc6 Qe4+ 64. Kh2 Qf3 65. Kg1 f4 66. Bd6 Qd1+ 67. Kh2 Qf3 68. Qc2+ Kg8 69.
Be5 Kf7 70. Qa2 fxg3+ 71. Bxg3 Ke6 72. Qa6+ Kf5 73. Qc8+ Ke4 74. Qe6+ Kxd4 75. Qe5+ Kd3 76. Qxg7 Ke2 77. Qb2+ Kf1 78. Qb1+ Ke2 79. Qb5+ Kd2 80.
Qb2+ Ke1 81. Qc1+ Ke2 82. Kg1 Kd3 83. Qf1+ Ke4 84. Qg2 Nf6 85. Qxf3+ Kxf3 86. Kf1 Nh5 87. Ke1 Nf6 88. Kd2 Ne4+ 89. Kd3 Nf6 90. Kd4 Kg4 91. Ke5 Nh5 92. Ke6 Ng7+ 93. Kf7 Nh5 94. Kg6 Nf4+ 95.
Bxf4 Kxh4 96. Bg5+ Kg4 97. f4 Kf3 98. f5 1-0

[Event "*** Titled Tuesday Blitz AM"]
[Site "Chess.com"]
[Date "2020.01.07"]
[Round "6"]
[White "Endgamegenius"]
[Black "MarcoRiehle"]
[Result "1/2-1/2"]
[WhiteElo "2374"]
[BlackElo "2629"]
[TimeControl "180+2"]
[EndTime "10:23:54 PST"]
[Termination "Game drawn by 50-move rule"]

1. e4 e5 2. Nf3 Nf6 3. Nxe5 Nxe4 4. Qe2 Qe7 5. Qxe4 d6 6. d4 dxe5 7. dxe5 Nc6 8. Bb5 Bd7 9. O-O O-O-O 10. Re1 Nxe5 11.
Bxd7+ Rxd7 12. Nc3 Nc6 13. Bf4 Qxe4 14. Nxe4 Be7 15.
Rad1 Rhd8 16. Rxd7 Rxd7 17. c3 h6 18. Ng3 b6 19. Nf5 Bf6 20. g4 Kb7 21. h4 g5 22.
Bg3 gxh4 23. Bxh4 Bxh4 24. Nxh4 Rd2 25. Nf5 Rxb2 26. Nxh6 Rxa2 27. Nxf7 Rc2 28. Re3 a5 29. g5 a4 30. g6 a3 31. g7 a2 32. g8=Q a1=Q+ 33. Kg2 Qa2 34. Rf3 Qd5 35. Qg5 Qxg5+ 36. Nxg5 Ne5 37. Re3 Ng4 38. Rf3 Ne5 39. Re3 Nc4 40. Rd3 Nb2 41. Rf3 c5 42. Kg3 b5 43.
Ne4 Kc6 44. Rf5 Nd3 45. f4 b4 46. cxb4 cxb4 47. Rf8 b3 48. Rb8 b2 49. f5 Kd5 50. f6 Kxe4 51. f7 Rf2 52. Rxb2 Rxf7 53.
Rb8 Rg7+ 54. Kh3 Kf3 55. Kh4 Rg4+ 56. Kh5 Nf4+ 57. Kh6 Rg6+ 58. Kh7 Rg1 59. Rb3+ Ke4 60. Rb5 Nd3 61. Kh6 Ne5 62. Rb4+ Kf5 63. Kh7 Rg5 64.
Rb1 Rg3 65. Rb2 Kf6 66. Rf2+ Nf3 67. Ra2 Rh3+ 68. Kg8 Ng5 69. Rf2+ Ke6 70. Re2+ Kf6 71. Rf2+ Nf3 72. Ra2 Nd4 73. Rf2+ Nf5 74. Rf1 Rh2 75. Rf3 Kg6 76. Rf1 Ra2 77. Rg1+ Kf6 78. Rf1 Ra3 79.
Rf2 Ra1 80. Kh7 Ra8 81. Rf1 Ra7+ 82. Kh8 Ra5 83. Kh7 Kf7 84. Rf2 Kf6 85. Rf1 Ra2 86. Kg8 Ra3 87. Kh7 Rh3+ 88. Kg8 Kg6 89. Rg1+ Ng3 90. Ra1 Ne4 91. Rg1+ Ng5 92. Ra1 Re3 93. Ra6+ Ne6 94. Ra1 Re4 95. Ra2 Kf6 96. Rf2+ Nf4 97.
Rf1 Ra4 98. Kh7 Ra7+ 99. Kg8 Rg7+ 100. Kf8 Rg4 101. Ke8 Ke6 102. Kd8 Nd5 1/2-1/2

[Event "*** Titled Tuesday Blitz AM"]
[Site "Chess.com"]
[Date "2020.01.07"]
[Round "6"]
[White "Pultis"]
[Black "SavelijTartakover"]
[Result "1/2-1/2"]
[WhiteElo "2857"]
[BlackElo "2710"]
[TimeControl "180+2"]
[EndTime "10:25:35 PST"]
[Termination "Game drawn by agreement"]

1. Nf3 d5 2. c4 c6 3. d4 Nf6 4. Nbd2 Bf5 5. Nh4 Be4 6. f3 Bg6 7. g3 e6 8. Bg2 Be7 9. O-O Nbd7 10. Nxg6 hxg6 11. e3 O-O 12. Qe2 a5 13. Rd1 a4 14. Nf1 Qa5 15. g4 Qa6 16. Ng3 Nb6 17.
Bf1 Nxc4 18. g5 Nh5 19. Nxh5 gxh5 20. Qg2 g6 21. Bd3 Qb6 22. h4 Ra5 23. Rb1 Rb5 24. Qc2 Ra5 25. Bxg6 Kg7 26. Bd3 Nd6 27. Bd2 Raa8 28.
Bc3 f5 29. gxf6+ Rxf6 30. Kh1 Rg8 31. Rg1+ Kf8 32. Rxg8+ Kxg8 33. Rg1+ Kf8 34. Qxa4 Rxf3 35. Kg2 Rf7 36. Bg6 Rg7 37. Kh1 Nf5 38. Bxf5 Rxg1+ 39. Kxg1 exf5 40. Qd1 Qc7 41. Qxh5 Qg3+ 42. Kf1 Bxh4 43.
Qxf5+ Kg7 44. Ke2 Qg6 45. Qxg6+ Kxg6 46. Kd3 Kf5 47. a4 Be7 48. Ba5 Bd6 49. Bb6 Bb4 50. Bc5 Be1 51. b4 Ke6 52. e4 dxe4+ 53. Kxe4 Kd7 54. d5 cxd5+ 55. Kxd5 Kc8 56. Kc4 Kb8 57. Kb5 Ka8 58. Bd6 Bf2 59. a5 Bg1 60. Kc4 Bf2 61. Bc7 Bg1 62. Kb5 Bf2 63. Bd6 Bg1 64. Bc5 Bh2 65. Kb6 Bb8 66. Be7 Bg3 67. Bd8 Bf2+ 68. Kc7 Bg3+ 69. Kc8 Bf2 70. Bc7 Bg1 71. Bd6 Bf2 72.
Bc5 Be1 73. Kc7 Bd2 74. Kb6 Bg5 75. Bd6 Be3+ 76. Kc7 Bf2 77. b5 Be3 78. Kc8 Bf2 79. Be5 Be3 80. Bh2 Bf2 81. Bf4 Bd4 82. Bc7 Bf2 83.
Kd7 Be3 84. Ke6 Bf2 85. Kd5 Be3 86. Bd6 Bd2 87. Bc7 Be3 88. Kc4 Bf2 89. Bd6 Be1 90. Bb4 Bf2 91. Bc5 Be1 92. Bb6 Bd2 93. Kd5 Be1 94.
Kc4 Bd2 95. Kd5 Be1 96. Ke6 Bd2 97. Kd6 Be1 98. Kd7 Bd2 99. Kc8 Be1 100. Bd8 Bf2 101. Kc7 Be3 102. b6 Bxb6+ 103. Kxb6 Kb8 104. Kb5 Ka8 105. Bb6 Kb8 106. Kc5 Ka8 107. Kd6 Kb8 108. Kd7 Ka8 109.
Be3 Kb8 110. Bd4 Ka8 111. Bb6 Kb8 112. Bc7+ Ka8 113. Kc8 Ka7 114. Bd8 Ka8 115. Bg5 Ka7 116. Be3+ Ka8 117. Kd7 Kb8 118. Bc5 Ka8 119. Bd6 Ka7 120. Bc7 Ka8 121. Kc8 b5 122. Bd6 b4 123. Bxb4 Ka7 124. Kc7 1/2-1/2

[Event "*** Titled Tuesday Blitz AM"]
[Site "Chess.com"]
[Date "2020.01.07"]
[Round "7"]
[White "anand-carlsen"]
[Black "trickytock"]
[Result "1-0"]
[WhiteElo "2333"]
[BlackElo "2492"]
[TimeControl "180+2"]
[EndTime "10:27:44 PST"]
[Termination "anand-carlsen won by resignation"]

1. d4 Nf6 2. c4 e6 3. Nf3 d5 4. Nc3 dxc4 5. e4 Bb4 6. Bg5 b5 7. e5 h6 8. exf6 hxg5 9. fxg7 Rg8 10. h4 g4 11. Ne5 f5 12. h5 Rxg7 13. Be2 Bb7 14. h6 Rh7 15. Bxg4 fxg4 16. Qxg4 Ke7 17. Qg5+ 1-0

[Event "*** Titled Tuesday Blitz AM"]
[Site "Chess.com"]
[Date "2020.01.07"]
[Round "7"]
[White "Nathan_Filgueiras"]
[Black "Blagorod"]
[Result "1-0"]
[WhiteElo "2314"]
[BlackElo "2106"]
[TimeControl "180+2"]
[EndTime "10:27:52 PST"]
[Termination "Nathan_Filgueiras won by resignation"]

1. e4 e5 2. Nf3 Nf6 3. Nxe5 d6 4. Nf3 Nxe4 5. Nc3 Nxc3 6. dxc3 Be7 7. Be3 Be6 8. Bd3 Nc6 9. Qe2 a6 10. O-O-O Qd7 11.
Rhe1 O-O-O 12. Bxa6 bxa6 13. Qxa6+ Kb8 14. Ne5 1-0

[Event "*** Titled Tuesday Blitz AM"]
[Site "Chess.com"]
[Date "2020.01.07"]
[Round "7"]
[White "albi1999"]
[Black "ViennaRocket"]
[Result "1-0"]
[WhiteElo "2531"]
[BlackElo "2392"]
[TimeControl "180+2"]
[EndTime "10:28:03 PST"]
[Termination "albi1999 won by resignation"]

1. e4 d5 2. exd5 Qxd5 3. Nc3 Qd6 4. Nf3 Nf6 5. h3 a6 6. d4 Nc6 7.
Be3 Bf5 8. a3 e6 9. g3 Nd5 10.
Nxd5 Qxd5 11. Bg2 Be4 12. O-O Rd8 13. c4 Qh5 14. g4 Qg6 15. Nh4 Qf6 16. g5 1-0

[Event "*** Titled Tuesday Blitz AM"]
[Site "Chess.com"]
[Date "2020.01.07"]
[Round "7"]
[White "aa175"]
[Black "KRASAVCHIK2002"]
[Result "0-1"]
[WhiteElo "2242"]
[BlackElo "2473"]
[TimeControl "180+2"]
[EndTime "10:29:09 PST"]
[Termination "KRASAVCHIK2002 won by resignation"]

1. d4 Nf6 2. Bf4 e6 3. e3 d5 4.
Nf3 Bd6 5. Bg3 b6 6. Nbd2 Bb7 7.
Bd3 Ne4 8. Nxe4 dxe4 9. Bxd6 Qxd6 10. Ne5 exd3 11. cxd3 c5 12. Qg4 g6 13. Qf4 O-O 14. Nxg6 Qxf4 15. Nxf4 cxd4 16. exd4 Nc6 17. d5 Nb4 18.
dxe6 0-1

[Event "*** Titled Tuesday Blitz AM"]
[Site "Chess.com"]
[Date "2020.01.07"]
[Round "7"]
[White "csati17"]
[Black "mohssenbinaddi"]
[Result "1-0"]
[WhiteElo "2552"]
[BlackElo "2216"]
[TimeControl "180+2"]
[EndTime "10:29:18 PST"]
[Termination "csati17 won by resignation"]

1. c4 Nf6 2. Nc3 g6 3. e4 d6 4. g3 c5 5. Bg2 Nc6 6. Nge2 Ne5 7. d3 Bg4 8. h3 Bf3 9. O-O h5 10. Bf4 Nfd7 11. Qa4 Bxe2 12. Nxe2 Nxd3 13. e5 Nxf4 14. Nxf4 dxe5 15. Rad1 exf4 16. Bxb7 Rc8 17.
Bc6 Rc7 18. Rxd7 Rc8 19. Rc7+ 1-0

[Event "*** Titled Tuesday Blitz AM"]
[Site "Chess.com"]
[Date "2020.01.07"]
[Round "7"]
[White "AwareIdea"]
[Black "StephenDedalus83"]
[Result "0-1"]
[WhiteElo "2540"]
[BlackElo "2706"]
[TimeControl "180+2"]
[EndTime "10:29:33 PST"]
[Termination "StephenDedalus83 won by resignation"]

1. c4 g6 2. Nc3 Bg7 3. d4 d6 4. e4 Nc6 5. d5 Nd4 6. Nge2 c5 7. Nxd4 cxd4 8. Nb5 Qb6 9. Bd3 Nf6 10. O-O O-O 11.
b3 a6 12. Na3 e5 13. Nc2 Nd7 14. Ba3 a5 15. Bc1 Nc5 16. Rb1 f5 17. f3 fxe4 18.
fxe4 Rxf1+ 19. Qxf1 Bg4 20. Ba3 Rf8 21. Bxc5 Rxf1+ 22. Rxf1 Qxc5 23. h3 Bd7 0-1

[Event "*** Titled Tuesday Blitz AM"]
[Site "Chess.com"]
[Date "2020.01.07"]
[Round "7"]
[White "Alexander_Moskalenko"]
[Black "Annawel"]
[Result "1-0"]
[WhiteElo "2810"]
[BlackElo "2979"]
[TimeControl "180+2"]
[EndTime "10:29:43 PST"]
[Termination "Alexander_Moskalenko won by resignation"]

1. d4 f5 2. g3 Nf6 3. Bg2 d6 4. c3 e5 5. Bg5 Be7 6. h4 c6 7.
h5 Be6 8. h6 g6 9. Nd2 Nbd7 10.
e3 O-O 11. Ne2 Bd5 12. Bxd5+ Nxd5 13. Bxe7 Qxe7 14. Qb3 b5 15. a4 a6 16. axb5 axb5 17. O-O Kh8 18. Rxa8 Rxa8 19. c4 bxc4 20. Qxc4 Rc8 21.
Nc3 N5f6 22. Qa6 Qd8 23. Nc4 Nb8 24. Qa3 exd4 25. Nxd6 c5 26. Nf7+ 1-0

[Event "*** Titled Tuesday Blitz AM"]
[Site "Chess.com"]
[Date "2020.01.07"]
[Round "7"]
[White "Eliwood44"]
[Black "Kirill_Kopenkin"]
[Result "0-1"]
[WhiteElo "2327"]
[BlackElo "2473"]
[TimeControl "180+2"]
[EndTime "10:29:52 PST"]
[Termination "Kirill_Kopenkin won by resignation"]

1. d4 Nf6 2. Nf3 g6 3. e3 Bg7 4. Be2 O-O 5. O-O d6 6. b3 Nbd7 7. Bb2 c6 8. c4 Re8 9. Nc3 e5 10.
dxe5 dxe5 11. Qd2 Qc7 12. Rad1 a5 13. Qd6 Qxd6 14. Rxd6 Nc5 15. Rfd1 Bf5 16. h3 Nfe4 17. Nxe4 Nxe4 18. R6d3 Nxf2 19. Kxf2 Bxd3 20. Bxd3 e4 21.
Bxg7 Kxg7 22. Be2 exf3 23. gxf3 Red8 24. Rb1 c5 25. a3 Rd2 0-1

[Event "*** Titled Tuesday Blitz AM"]
[Site "Chess.com"]
[Date "2020.01.07"]
[Round "7"]
[White "LonesomeGeorge1"]
[Black "zurzan"]
[Result "1-0"]
[WhiteElo "2293"]
[BlackElo "1958"]
[TimeControl "180+2"]
[EndTime "10:29:56 PST"]
[Termination "LonesomeGeorge1 won by resignation"]

1. d4 f5 2. Nf3 Nf6 3. Bf4 d6 4. e3 g6 5. h4 Bg7 6. h5 gxh5 7. Bc4 e6 8. Nc3 a6 9. a3 b5 10. Ba2 Bb7 11. Ng5 Qe7 12. Nxe6 Nc6 13.
Nd5 Nxd5 14. Qxh5+ Kd7 15. Bxd5 Bf6 16. Qxf5 Ke8 17.
Rh6 1-0

[Event "*** Titled Tuesday Blitz AM"]
[Site "Chess.com"]
[Date "2020.01.07"]
[Round "7"]
[White "SHIVACalypso"]
[Black "LarissaSteenbekkers"]
[Result "0-1"]
[WhiteElo "2248"]
[BlackElo "1709"]
[TimeControl "180+2"]
[EndTime "10:29:59 PST"]
[Termination "LarissaSteenbekkers won by resignation"]

1. Nf3 c5 2. c4 Nc6 3. g3 g6 4. Bg2 Bg7 5. O-O e6 6. d3 Nge7 7. Nc3 O-O 8. e4 d5 9. cxd5 exd5 10. Bd2 b6 11. Qc1 Bb7 12. Bh6 Nb4 13. Rd1 Qc8 14. Bxg7 Kxg7 15. a3 Nxd3 16. Rxd3 dxe4 17.
Nxe4 Bxe4 18. Re3 Qb7 19. Qc3+ f6 20. Rae1 Nd5 21. Qd2 Nxe3 22. Qxe3 Rae8 0-1

[Event "*** Titled Tuesday Blitz AM"]
[Site "Chess.com"]
[Date "2020.01.07"]
[Round "7"]
[White "Quiet_Desperation"]
[Black "LLRChess"]
[Result "0-1"]
[WhiteElo "2403"]
[BlackElo "2327"]
[TimeControl "180+2"]
[EndTime "10:30:06 PST"]
[Termination "LLRChess won by resignation"]

1. e4 c5 2. Nf3 d6 3. d4 cxd4 4. Nxd4 Nf6 5. Nc3 Nc6 6. Bg5 e6 7. f3 a6 8. Qd2 Bd7 9. O-O-O b5 10. g4 Qb6 11. Be3 Qc7 12. g5 Nh5 13. Bh3 Ne5 14. Bg4 g6 15. f4 Nxg4 16. f5 Nxe3 17. Qxe3 O-O-O 18. e5 dxe5 19. Qe4 exd4 20. Qa8+ Qb8 21. Qxa6+ Qb7 22. Qa5 dxc3 23. Qxc3+ Bc5 24. Qxc5+ Qc7 25. Qb4 Bc6 0-1

[Event "*** Titled Tuesday Blitz AM"]
[Site "Chess.com"]
[Date "2020.01.07"]
[Round "7"]
[White "Fandorine"]
[Black "FelixJoseYnojosa"]
[Result "0-1"]
[WhiteElo "2884"]
[BlackElo "2654"]
[TimeControl "180+2"]
[EndTime "10:30:29 PST"]
[Termination "FelixJoseYnojosa won by resignation"]

1. e4 c5 2. Nf3 Nc6 3. Bb5 e6 4. Bxc6 bxc6 5. d3 Ne7 6. Qe2 Ng6 7.
h4 h5 8. e5 f6 9. Qe4 Kf7 10.
Nbd2 Nxe5 11. Nxe5+ fxe5 12. Nf3 d6 13. Ng5+ Kg8 14.
Bd2 Rb8 15. O-O-O Be7 16. b3 Bf6 17. Rde1 Bd7 18. Rhf1 a5 19. Qf4 exf4 0-1

[Event "*** Titled Tuesday Blitz AM"]
[Site "Chess.com"]
[Date "2020.01.07"]
[Round "7"]
[White "ChessyInstinct"]
[Black "peteseeger"]
[Result "1-0"]
[WhiteElo "2431"]
[BlackElo "2168"]
[TimeControl "180+2"]
[EndTime "10:30:30 PST"]
[Termination "ChessyInstinct won by resignation"]

1. d4 g6 2. c4 Bg7 3. e4 d6 4. Nc3 e5 5. dxe5 dxe5 6. Qxd8+ Kxd8 7. f4 Be6 8. Nf3 Nd7 9. Be3 Ne7 10. O-O-O Kc8 11.
g3 b6 12. Ng5 Nc6 13. f5 gxf5 14.
exf5 Bxf5 15. Bg2 Kb7 16. b4 e4 17. Ncxe4 Nxb4 18. Nd6+ Ka6 19. Nxf5 Nxa2+ 20. Kc2 1-0

[Event "*** Titled Tuesday Blitz AM"]
[Site "Chess.com"]
[Date "2020.01.07"]
[Round "7"]
[White "mikhaillushenkov"]
[Black "bluejay1897"]
[Result "1-0"]
[WhiteElo "2655"]
[BlackElo "2387"]
[TimeControl "180+2"]
[EndTime "10:30:37 PST"]
[Termination "mikhaillushenkov won by resignation"]

1. Nf3 Nf6 2. c4 e6 3. Nc3 d5 4.
d4 Be7 5. Bg5 O-O 6. e3 Nbd7 7.
cxd5 exd5 8. Bd3 c6 9. Qc2 Re8 10. O-O Ne4 11. Bxe4 Bxg5 12. Bxh7+ Kh8 13. Nxg5 Qxg5 14.
Bd3 Nf6 15. Rae1 g6 16. e4 Kg7 17. f4 Qh6 18. e5 Nh5 19. Qf2 Bd7 20. f5 Qg5 21. fxg6 Be6 22. Qe3 1-0

[Event "*** Titled Tuesday Blitz AM"]
[Site "Chess.com"]
[Date "2020.01.07"]
[Round "7"]
[White "Azatic"]
[Black "Bulldog167"]
[Result "0-1"]
[WhiteElo "2574"]
[BlackElo "2726"]
[TimeControl "180+2"]
[EndTime "10:30:41 PST"]
[Termination "Bulldog167 won by resignation"]

1. e4 e6 2. d4 d5 3. e5 c5 4.
c3 Nc6 5. Nf3 Bd7 6. a3 Nge7 7.
b4 cxd4 8. cxd4 Nf5 9. Be3 b5 10. Nc3 a5 11. bxa5 Nxe3 12. fxe3 b4 13. axb4 Bxb4 14.
Qd3 Rxa5 15. Rc1 Ra3 16. Nd2 Qa5 17. Ndb1 Ra1 18. Kf2 Bxc3 19. Rxc3 Rxb1 20. Rxc6 Qe1+ 21. Kf3 Bxc6 22. Qa6 O-O 23. Qxc6 Rb3 0-1

[Event "*** Titled Tuesday Blitz AM"]
[Site "Chess.com"]
[Date "2020.01.07"]
[Round "7"]
[White "politeplayer"]
[Black "hansen"]
[Result "0-1"]
[WhiteElo "2170"]
[BlackElo "2891"]
[TimeControl "180+2"]
[EndTime "10:30:44 PST"]
[Termination "hansen won by resignation"]

1. e4 c5 2. d4 cxd4 3. c3 Nf6 4. e5 Nd5 5. Nf3 Nc6 6. Bc4 Nb6 7. Bb3 d5 8. exd6 Qxd6 9. O-O Be6 10. Bxe6 Qxe6 11.
Re1 Qd7 12. cxd4 e6 13. Nc3 Be7 14. Be3 O-O 15. Rc1 Rad8 16. Qe2 Nd5 17. Ne4 h6 18. Nc5 Bxc5 19. Rxc5 Rc8 20. Rec1 b6 21. Ne5 Nxe5 22.
Rxc8 Rxc8 23. Rxc8+ Qxc8 24. dxe5 Nxe3 25. Qxe3 Qc2 26.
g4 Qd1+ 27. Kg2 Qxg4+ 28. Kf1 Qc4+ 29. Kg2 Qxa2 30. Qd4 Qd5+ 0-1

[Event "*** Titled Tuesday Blitz AM"]
[Site "Chess.com"]
[Date "2020.01.07"]
[Round "7"]
[White "allvim"]
[Black "ristingho"]
[Result "1-0"]
[WhiteElo "2348"]
[BlackElo "2500"]
[TimeControl "180+2"]
[EndTime "10:30:51 PST"]
[Termination "allvim won by resignation"]

1. e4 c6 2. Nf3 d5 3. Nc3 Nf6 4. e5 Ne4 5. Nxe4 dxe4 6. Ng5 Qd5 7. d4 exd3 8. Qxd3 Qxe5+ 9. Be2 Bf5 10. Qb3 Nd7 11.
Qxf7+ Kd8 12. Be3 h6 13. Nf3 Qe6 14. Qxe6 Bxe6 15. O-O-O g5 16. h4 g4 17. Nd4 Bd5 18. c4 Bxg2 19. Ne6+ Kc8 20. Rhg1 Bf3 21. Bxf3 gxf3 22. Bd4 Rh7 23. Rg8 Rf7 24. Bg7 1-0

[Event "*** Titled Tuesday Blitz AM"]
[Site "Chess.com"]
[Date "2020.01.07"]
[Round "7"]
[White "NZT72"]
[Black "AleksanderHnydiuk"]
[Result "0-1"]
[WhiteElo "2517"]
[BlackElo "2458"]
[TimeControl "180+2"]
[EndTime "10:31:02 PST"]
[Termination "AleksanderHnydiuk won by resignation"]

1. c4 Nf6 2. g3 c6 3. Nf3 d5 4.
Bg2 dxc4 5. O-O Be6 6. Ng5 Bf5 7. Na3 b5 8. b3 Qd4 9. Nxb5 cxb5 10. Bxa8 Qxa1 11.
bxc4 Qxa2 12. cxb5 e6 13. e4 Bg6 14. d4 Be7 15. d5 O-O 16. d6 Bd8 17. e5 Nd5 18. h4 Bb6 19. h5 Bc2 20. Qg4 Nd7 21. Bc6 Nxe5 22. Qf4 Nxf4 0-1

[Event "*** Titled Tuesday Blitz AM"]
[Site "Chess.com"]
[Date "2020.01.07"]
[Round "7"]
[White "ChessFunMaker"]
[Black "sandromareco"]
[Result "0-1"]
[WhiteElo "2352"]
[BlackElo "2775"]
[TimeControl "180+2"]
[EndTime "10:31:27 PST"]
[Termination "sandromareco won on time"]

1. c4 Nf6 2. g3 g6 3. Bg2 Bg7 4.
Nc3 d6 5. e4 O-O 6. Nge2 c5 7.
O-O Nc6 8. d3 Ne8 9. Be3 Nd4 10.
Qd2 Nc7 11. Bh6 Bxh6 12. Qxh6 e5 13. f4 f6 14. h3 Nc2 15. Rac1 Ne3 16. Rf3 Nxg2 17.
Kxg2 Bd7 18. g4 Qe7 19. Rcf1 a6 20. fxe5 dxe5 21. Ng3 b5 22. Nd5 Nxd5 23. exd5 bxc4 0-1

[Event "*** Titled Tuesday Blitz AM"]
[Site "Chess.com"]
[Date "2020.01.07"]
[Round "7"]
[White "karinachess1"]
[Black "NewBornNow"]
[Result "0-1"]
[WhiteElo "2474"]
[BlackElo "2678"]
[TimeControl "180+2"]
[EndTime "10:31:32 PST"]
[Termination "NewBornNow won on time"]

1. d4 d6 2. Nf3 Nf6 3. g3 g6 4. Bg2 Bg7 5. O-O O-O 6. b3 a5 7. a4 c6 8. Bb2 Na6 9. Re1 Bf5 10. Nbd2 Ne4 11. Nh4 d5 12. f3 Nd6 13. e4 dxe4 14. fxe4 Bd7 15. Qe2 Qb6 16. Qf2 Nb4 17. Rac1 Rad8 18.
e5 Nf5 19. Nxf5 Bxf5 20. Ne4 Bxe4 21. Bxe4 f5 22. Bg2 Bh6 23. Rcd1 f4 24. Qe2 Nd5 25. Bxd5+ cxd5 0-1

[Event "*** Titled Tuesday Blitz AM"]
[Site "Chess.com"]
[Date "2020.01.07"]
[Round "7"]
[White "przemekpiotrowski"]
[Black "alex_zapata"]
[Result "0-1"]
[WhiteElo "2392"]
[BlackElo "2319"]
[TimeControl "180+2"]
[EndTime "10:31:34 PST"]
[Termination "alex_zapata won on time"]

1. d4 d5 2. Nf3 Nf6 3. g3 c5 4. Bg2 Nc6 5. O-O e6 6. c4 Be7 7. Nc3 O-O 8. cxd5 Nxd5 9. Nxd5 exd5 10. b3 Be6 11. Bb2 Bf6 12. Rc1 cxd4 13. Nxd4 Rc8 14.
Nxe6 fxe6 15. Qd2 Bxb2 16. Qxb2 Qf6 17. Qxf6 gxf6 18. Rfd1 Nb4 19. a3 Na2 20. Rxc8 Rxc8 21. Kf1 Rc2 22. Bf3 b6 23. Rd4 Rc3 0-1

[Event "*** Titled Tuesday Blitz AM"]
[Site "Chess.com"]
[Date "2020.01.07"]
[Round "7"]
[White "Duhless"]
[Black "Parhamov"]
[Result "0-1"]
[WhiteElo "3103"]
[BlackElo "3072"]
[TimeControl "180+2"]
[EndTime "10:31:36 PST"]
[Termination "Parhamov won on time"]

1. c4 e6 2. Nf3 d5 3. d4 Nf6 4.
Bg5 h6 5. Bxf6 Qxf6 6. e3 Bb4+ 7.
Nbd2 O-O 8. Rc1 c5 9. a3 Bxd2+ 10. Qxd2 cxd4 11. Qxd4 Qxd4 12. Nxd4 dxc4 13. Bxc4 Bd7 14.
O-O a6 15. Rfd1 Nc6 16. Nb3 Ne5 17. Nc5 Nxc4 18. Rxd7 b5 19. b3 Rfc8 20. Nxe6 Nxa3 21. Rxc8+ Rxc8 22. Nc7 a5 23. g4 a4 24. bxa4 bxa4 25. Nd5 Ra8 26. Nb6 Ra6 0-1

[Event "*** Titled Tuesday Blitz AM"]
[Site "Chess.com"]
[Date "2020.01.07"]
[Round "7"]
[White "sganerdene"]
[Black "chess4ever007"]
[Result "1-0"]
[WhiteElo "2646"]
[BlackElo "2444"]
[TimeControl "180+2"]
[EndTime "10:31:36 PST"]
[Termination "sganerdene won on time"]

1. e4 c5 2. Nf3 e6 3. d4 cxd4 4. Nxd4 Nc6 5. Nc3 Qc7 6. Be3 a6 7. Be2 Nf6 8. O-O Be7 9. f4 d6 10. Qe1 O-O 11. Qg3 Nxd4 12. Bxd4 b5 13. a3 Bb7 14.
Rae1 Rad8 15. Kh1 Rd7 16. Bd3 Re8 17. Re2 g6 18. f5 e5 19. Be3 Nh5 20. Qg4 Bf6 21.
Ref2 Bg7 22. Qh4 Bf6 23. Qh3 Bg7 24. f6 1-0

[Event "*** Titled Tuesday Blitz AM"]
[Site "Chess.com"]
[Date "2020.01.07"]
[Round "7"]
[White "ori99"]
[Black "MiroVlasenko"]
[Result "1-0"]
[WhiteElo "2104"]
[BlackElo "2683"]
[TimeControl "180+2"]
[EndTime "10:31:40 PST"]
[Termination "ori99 won on time"]

1. e4 Nc6 2. d4 d5 3. e5 Bf5 4. Nf3 e6 5. Nbd2 Nb4 6. Bb5+ c6 7. Ba4 b5 8. Bb3 a5 9. a4 c5 10. dxc5 Bxc5 11. O-O Ne7 12. axb5 O-O 13. Nh4 Qb6 14. Ba4 Be4 15. Nxe4 dxe4 16. Qe2 Rad8 17.
g3 Nf5 18. Qxe4 Rd4 19. Qf3 Nxh4 20. gxh4 Nd5 21. c3 Rxh4 22. Bg5 Rc4 23. Bb3 Qxb5 24. Bxc4 Qxc4 25. Rxa5 h6 26. Bd2 Bb6 27. Ra3 Ne7 28. Re1 1-0

[Event "*** Titled Tuesday Blitz AM"]
[Site "Chess.com"]
[Date "2020.01.07"]
[Round "7"]
[White "Mr_Sinigami"]
[Black "petrpalachev"]
[Result "1-0"]
[WhiteElo "2560"]
[BlackElo "2788"]
[TimeControl "180+2"]
[EndTime "10:31:40 PST"]
[Termination "Mr_Sinigami won on time"]

1. d4 d5 2. Nf3 Nf6 3. g3 c6 4. Bg2 h6 5. O-O Bf5 6. c4 e6 7.
Qb3 Qb6 8. Nc3 Nbd7 9. c5 Qa6 10. Re1 b6 11. cxb6 axb6 12. Nd2 Be7 13. e4 dxe4 14.
Ndxe4 Nxe4 15. Nxe4 O-O 16. Bf4 Rfc8 17. Nd6 Bxd6 18.
Bxd6 Nf6 19. Rec1 Nd5 20. a3 Bd3 21. g4 1-0